 Dungeon Crawl Stone Soup version 0.31-a0-446-g07c4bd200f (webtiles) character file.

Game seed: 11848936564597271607

111 Ethylacetat the Insei (level 4, -5/24 HPs)
             Began as a Vine Stalker Monk on Aug 2, 2023.
             Was a Priest of Makhleb.
             Slain by Robin
             ... wielding a +2 trident of venom
              (9 damage)
             ... on level 3 of the Dungeon.
             The game lasted 00:01:55 (1852 turns).

Ethylacetat the Insei (Vine Stalker Monk)           Turns: 1852, Time: 00:01:55

Health: -5/24      AC:  6    Str: 13    XL:     4   Next: 92%
Magic:  0/7        EV: 10    Int: 10    God:    Makhleb [***...]
Gold:   197        SH:  0    Dex: 19    Spells: 6/6 levels left

rFire   + . .        m - +2 dagger (flame)
rCold   . . .        c - orb {light}
rNeg    . . .        e - +0 scale mail {rF+}
rPois   .            (no helmet)
rElec   .            (no cloak)
rCorr   .            (no gloves)
SInv    .            (no boots)
Will    .....        (no amulet) Stlth
                     (no ring)
HPRegen 1.04/turn    (no ring)
MPRegen 0.10/turn

%: guardian spirit
@: lethally poisoned (-5 -> -11), glowing
A: fangs 2, regeneration 1, magic shield, antimagic bite, no potion heal 2
a: Renounce Religion, Minor Destruction, Lesser Servant of Makhleb


You were on level 3 of the Dungeon.
You worshipped Makhleb.
Makhleb was most pleased with you.
You visited 1 branch of the dungeon, and saw 3 of its levels.

You collected 197 gold pieces.

Inventory:

Hand Weapons
 m - a +2 dagger of flaming (weapon)
Missiles
 k - 7 poisoned darts
Armour
 c - an orb of light (worn)
 e - a +0 scale mail of fire resistance (worn)
Scrolls
 a - a scroll of enchant armour {unknown}
 d - 7 scrolls of identify {unknown}
 h - a scroll of immolation {unknown}
 l - a scroll of fog {unknown}
Potions
 b - a potion of ambrosia
 f - 2 potions of enlightenment {unknown}
 g - a potion of mutation {unknown}
 i - a potion of curing {unknown}
 j - a potion of heal wounds {unknown}
 n - a potion of might {unknown}


   Skills:
 + Level 3.4 Fighting
 - Level 2.4 Dodging
 * Level 4.4 Unarmed Combat
 + Level 1.8 Spellcasting


You had 6 spell levels left.
You didn't know any spells.
Your spell library was empty.

Dungeon Overview and Level Annotations

Branches:
Dungeon (3/15)

Altars:
Elyvilon
Makhleb

Annotations:
D:3 Robin


Innate Abilities, Weirdness & Mutations

You have extremely sharp teeth.
Your natural rate of healing is unusually fast.
When hurt, damage is shared between your health and your magic reserves.
Your bite disrupts and absorbs the magic of your enemies.
Potions cannot restore your health.


Message History

Items here: )) ††.
You hit the goblin. You burn the goblin.
You kill the goblin!
Makhleb accepts your kill.
You feel better.
The goblin unwields a +1 heavy sling.
The goblin wields a +0 dagger of speed.
The goblin hits you with a +0 dagger of speed.
Robin closely misses you.
You hit the goblin but do no damage. You bite the goblin.
You kill the goblin!
Makhleb accepts your kill.
The goblin hits you with a +0 dagger of speed.
Robin throws the goblin at you! The goblin hits you but does no damage.
You hit the hobgoblin. You burn the hobgoblin.
The hobgoblin is severely wounded.
The goblin hits you with a +0 dagger of speed.
The goblin hits you but does no damage. Robin barely misses you.
The goblin closely misses you. The hobgoblin hits you.
You hit the hobgoblin. You burn the hobgoblin.
You kill the hobgoblin!
Makhleb accepts your kill.
You feel better. The goblin hits you but does no damage.
Robin hits you but does no damage.
You are poisoned.
The goblin closely misses you.
You hit the goblin. You burn the goblin. You bite the goblin.
You kill the goblin!
Makhleb accepts your kill.
You feel sick.
The goblin hits you but does no damage. x2
Robin hits you from afar with a +2 trident of venom.
You are more poisoned.
You are too injured to fight recklessly!
You are too injured to fight recklessly!
You are too injured to fight recklessly!
You are too injured to fight recklessly!
You feel very sick.
The goblin hits you with a +0 dagger of speed.
* * * LOW HITPOINT WARNING * * *
Robin hits you with a +2 trident of venom!
You die...

#.#...#..........#
.....#.#.####...##....#.
........................
...#.#............#.#.
...#.############.#
...#.##### #.#
...#.#...# #)#
.....#...# ###)#
.....#...# #.@g#
.##..#...# #g..#
.##..#...# #....#
.##..#...# #....#
.###.(...# ...... .#
#.#...# ...##### .#
#.#.### #... ## #.#..
#... ####.##.#


You could see Robin and a goblin (strong).

Vanquished Creatures
  A gnoll (D:2)
  3 adders (D:2)
  2 worms (D:2)
  2 dart slugs
  6 bats
  3 endoplasms
  2 giant cockroaches (D:2)
  10 goblins
  11 hobgoblins
  A jackal (D:2)
  4 kobolds
  2 quokkas (D:2)
  9 ball pythons
  3 frilled lizards
  2 rats
61 creatures vanquished.

Notes
Turn   | Place    | Note
-------+----------+-------------------------------------------
     0 | D:1      | Ethylacetat the Vine Stalker Monk began the quest for the
                  | Orb.
     0 | D:1      | Reached XP level 1. HP: 11/11 MP: 2/2
     6 | D:1      | Noticed a komodo dragon
     6 | D:1      | Noticed a black bear
     7 | D:1      | Noticed a salamander
     7 | D:1      | Noticed a hog
   235 | D:1      | Reached XP level 2. HP: 11/16 MP: 3/3
   981 | D:2      | Reached skill level 1 in Spellcasting
   981 | D:2      | Reached XP level 3. HP: 20/20 MP: 5/5
  1050 | D:2      | Reached skill level 4 in Unarmed Combat
  1105 | D:2      | Gained mutation: Your natural rate of healing is unusually
                  | fast. [Vine Stalker growth]
  1105 | D:2      | Reached XP level 4. HP: 24/24 MP: 7/7
  1206 | D:2      | Found a white marble altar of Elyvilon.
  1341 | D:2      | Found a faded altar of an unknown god.
  1359 | D:2      | Prayed at the altar of an unknown god.
  1359 | D:2      | Became a worshipper of Makhleb the Destroyer
  1359 | D:2      | Reached * piety under Makhleb
  1359 | D:2      | Reached ** piety under Makhleb
  1833 | D:3      | Noticed Robin
  1845 | D:3      | Reached *** piety under Makhleb
  1852 | D:3      | Slain by Robin

Illustrated notes

Levels and vault maps discovered:
D:1:      onia_arrival_zoo_common, layout_basic
D:2:      minmay_thinvault, layout_rooms, basic_altar,
          nicolae_ecumenical_snake_handling
D:3:      layout_basic, general_overflow_altar, uniq_robin, uniq_grinder

Skill      XL: |  1  2  3 |
---------------+----------+-----
Fighting       | 3 |  3.4
Spellcasting   | 1 |  1.8
Unarmed Combat | 4 |  4.4
Dodging        | |  2.4

Action                     |  1- 3 |  4- 6 || total
---------------------------+-------+-------++-------
  Melee: Unarmed           |    67 |    21 ||    88
         Bite              |    17 |    20 ||    37
         Dagger            |       |    41 ||    41
 Armour: Robe              |     1 |       ||     1
         Scale mail        |    15 |    33 ||    48
  Dodge: Dodged            |    31 |    18 ||    49

Table legend: (Time is in decaauts)
 A = Elapsed time spent in this place.
 B = Non-inter-level travel time spent in this place.
 C = Inter-level travel time spent in this place.
 D = Time resting spent in this place.
 E = Time spent auto-exploring this place.
 F = Levels seen in this place.
 G = Mean time per level.
                   A        B        C        D        E       F      G
               +--------+--------+--------+--------+--------+-----+--------+
         Total |   1844 |   1794 |     50 |      0 |   1505 |   3 |  614.7 |
       Dungeon |   1844 |   1794 |     50 |      0 |   1505 |   3 |  614.7 |
               +--------+--------+--------+--------+--------+-----+--------+

Top non-repeatable levels by time:
     D:1: 883 daAuts
     D:2: 753 daAuts
     D:3: 207 daAuts
